 Dungeon Crawl Stone Soup version 0.26-a0-612-gd4d190f45e (webtiles) character file.

Game seed: 4565711301532116501

28966 Gottschkopf the Destroyer (level 13, -16/102 HPs)
             Began as a Green Draconian Conjurer on Sept 8, 2020.
             Was a High Priest of Vehumet.
             Demolished by a phantasmal warrior (19 damage)
             ... led by a death knight
             ... on level 13 of the Dungeon on Sept 9, 2020.
             The game lasted 01:26:08 (18730 turns).

Gottschkopf the Destroyer (DrCj)                   Turns: 18730, Time: 01:26:08

Health: -16/102    AC: 14    Str: 11    XL:     13   Next: 12%
Magic:  20/36      EV: 16    Int: 28    God:    Vehumet [*****.]
Gold:   655        SH:  6    Dex: 10    Spells: 6/32 levels left

rFire    . . .     SeeInvis .   y - +2 falchion (freeze)
rCold    . . .     Faith    .   G - +2 buckler of Action {+Blink rN+ rCorr Slay+2}
rNeg     + . .     Spirit   .   (armour unavailable)
rPois    +         Reflect  .   (helmet restricted)
rElec    .         Harm     .   f - +1 cloak
rCorr    +                      i - +0 pair of gloves (curse)
MR       .....                  g - +2 pair of boots
Stlth    +++.......             (no amulet)
HPRegen  0.27/turn              B - +6 ring of intelligence
MPRegen  0.25/turn              e - ring of magical power

@: about to teleport
A: breathe noxious fumes, unfitting armour, frail 1, poison resistance,
cold-blooded, AC +8
a: Breathe Noxious Fumes, Renounce Religion, Evoke Blink


You were on level 13 of the Dungeon.
You worshipped Vehumet.
Vehumet was extremely pleased with you.
You visited 2 branches of the dungeon, and saw 16 of its levels.

You collected 797 gold pieces.
You spent 142 gold pieces at shops.

Inventory:

Hand Weapons
 q - a +2 scythe of protection
 y - a +2 falchion of freezing (weapon)
 K - a +1 antimagic demon trident
Missiles
 k - 3 silver boomerangs (quivered)
 J - 5 throwing nets
Armour
 f - a +1 cloak (worn)
 g - a +2 pair of boots (worn)
 i - a cursed +0 pair of gloves (worn)
 G - the +2 buckler of Action (worn) {+Blink rN+ rCorr Slay+2}
   (You found it on level 6 of the Dungeon)

   It affects your accuracy and damage with ranged weapons and melee attacks
   (+2).
   It protects you from negative energy.
   It lets you blink.
   It provides partial protection from all sources of acid and corrosion.
Magical Staves
 s - an uncursed staff of air
Jewellery
 e - a ring of magical power (right hand)
 p - an uncursed ring of stealth
 r - an uncursed ring of positive energy
 u - a +4 ring of evasion
 B - a +6 ring of intelligence (left hand)
 E - an uncursed amulet of guardian spirit
Wands
 n - a wand of random effects (52)
 w - a wand of paralysis (7)
 C - a wand of iceblast (11)
Scrolls
 b - a scroll of fog {unknown}
 d - a scroll of blinking {unknown}
 h - 2 scrolls of noise
 j - a scroll of amnesia
 t - 4 scrolls of remove curse
 x - a scroll of identify
 I - 2 scrolls of magic mapping
 L - a scroll of silence {unknown}
 M - a scroll of enchant armour
 N - a scroll of immolation {unknown}
Potions
 a - a potion of flight
 c - 8 potions of curing
 l - 3 potions of lignification
 m - a potion of cancellation
 o - 4 potions of stabbing
 v - 4 potions of haste
 z - a potion of resistance
 D - 2 potions of brilliance
 F - a potion of berserk rage
 H - 3 potions of might
 O - a potion of ambrosia


   Skills:
 - Level 10.7 Fighting
 - Level 9.7 Dodging
 - Level 7.1 Stealth
 - Level 4.0 Shields
 + Level 10.2 Spellcasting
 - Level 11.1 Conjurations
 - Level 3.6 Hexes


You had 6 spell levels left.
You knew the following spells:

 Your Spells              Type           Power        Failure   Level
a - Magic Dart            Conj           ####         1%          1
b - Searing Ray           Conj           ######       1%          2
c - Foxfire               Conj/Fire      ####         1%          1
d - Fulminant Prism       Conj/Hex       ######....   1%          4
e - Dazzling Flash        Conj/Hex       ######       1%          3
f - Iskenderun's Mystic   Conj/Tloc      #####...     1%          4
g - Corona                Hex            ####...      1%          1
h - Lightning Bolt        Conj/Air       #####.....   3%          5
i - Yara's Violent Unrav  Hex/Tmut       ###.......   13%         5

Your spell library contained the following spells:

 Spells                   Type           Power        Failure   Level
 Shock                    Conj/Air       ####         1%          1
 Animate Skeleton         Necr           ##....       4%          1
 Apportation              Tloc           ##....       4%          1
 Summon Small Mammal      Summ           ##..         4%          1


Dungeon Overview and Level Annotations

Branches:
Dungeon (15/15)            Temple (1/1) D:4            Lair (0/6) D:9
    Orc: D:9-12      Vaults: D:13-14     Depths: D:15

Altars:
Ashenzari
Cheibriados
Dithmenos
Elyvilon
Fedhas
Gozag
Hepliaklqana
Kikubaaqudgha
Makhleb
Nemelex Xobeh
Okawaru
Qazlal
Ru
Sif Muna
Trog
Uskayaw
Vehumet
Wu Jian
Xom
Yredelemnul
Zin
The Shining One

Shops:
D:5 *

Annotations:
D:14 exclusion: Roxanne, Roxanne


Innate Abilities, Weirdness & Mutations

You can breathe blasts of noxious fumes.
Your lurid green scales are hard. (AC +8)
You cannot fit into any form of body armour.
Your system is resistant to poisons. (rPois)
You are cold-blooded and may be slowed by cold attacks.
You are frail. (-10% HP)


Message History

The phantasmal warrior blinks!
The searing ray hits the death knight!!
The death knight is heavily wounded.
You finish channeling your searing ray.
The phantasmal warrior hits you!
A skeletal warrior comes into view. It is wielding a +0 long sword.
The phantasmal warrior blinks!
Press: ? - help, v - describe, . - travel
Here: a death knight, wielding a +0 broad axe and wearing a +0 chain mail (translocational energy, heavily wounded, wandering, blind, hasn't noticed you)
The floor, spattered with blood.
The death knight calls down the wrath of Yredelemnul upon you.
Your body is wracked with pain!
* * * LOW HITPOINT WARNING * * *
The phantasmal warrior blinks!
The death knight is no longer blind.
The phantasmal warrior blinks!
As you read the scroll of teleportation, it crumbles to dust.
You feel strangely unstable.
The death knight hits you with a +0 broad axe!!
* * * LOW HITPOINT WARNING * * *
The phantasmal warrior hits you!!
You die...

#..... ##.##...#....#####
#....# #....#####.##
#...####...## #.#
####...#.)....### #.#
......)..)........ ...
.#..........##)#.......#####
....##....###..###..........
.........####z## >...####.
.#.....##W@pW# ..#.## ##
###..ยง..##### # ##.#.## #
#####


You could see a death knight, a skeletal warrior, a phantasmal warrior and a
wraith.

Vanquished Creatures
  Kirke (D:13)
  A centaur warrior (D:13)
  A hydra (D:14)
  2 two-headed ogres
  A tengu warrior (D:10)
  The ghost of mephitismephitis the Thrower, a novice OgAM of Ashenzari (D:7)
  2 skeletal warriors
  An unseen horror (D:13)
  2 wizards
  3 manticores
  A cyclops (D:11)
  Maurice (D:13)
  2 gargoyles
  5 orange demons (D:11)
  Maggie (D:9)
  A komodo dragon (D:14)
  A yaktaur (D:15)
  An efreet (D:15)
  A tengu conjurer (D:10)
  3 red devils (D:11)
  3 trolls
  A hornet (D:13)
  3 hippogriffs
  Sigmund (D:5)
  3 wraiths
  17 yaks
  Grum (D:8)
  3 wyverns
  5 hogs (D:13)
  Eustachio (D:6)
  3 vampire mosquitoes (D:12)
  Menkaure (D:6)
  2 water moccasins
  A meliai simulacrum (D:14)
  6 ice beasts
  A sky beast (D:5)
  4 phantoms
  3 black bears
  6 orc warriors
  A necrophage (D:10)
  4 ogres
  3 boggarts (D:15)
  9 centaurs
  3 wolves (D:8)
  A crocodile (D:8)
  10 bullfrogs
  3 gnoll sergeants (D:10)
  A scorpion (D:7)
  17 killer bees
  14 wights
  2 centaur zombies
  4 howler monkeys
  2 bullfrog skeletons (D:3)
  4 jellies
  9 orc priests
  16 orc wizards
  2 gnoll shamans
  13 hounds
  3 centaur skeletons
  Jessica (D:2)
  4 iguanas
  Ijyb (D:2)
  8 worker ants
  2 hound zombies
  A hound skeleton (D:4)
  4 worker ant zombies
  Robin (D:2)
  24 gnolls
  16 adders
  A howler monkey skeleton (D:4)
  3 white imps
  An ooze (D:4)
  An adder zombie (D:5)
  3 adder skeletons
  2 worms
  3 dart slugs
  6 leopard geckos
  48 orcs
  6 bats
  4 giant cockroaches
  10 goblins
  8 hobgoblins
  19 jackals
  4 quokkas
  2 ball pythons
  6 frilled lizards
  6 kobolds
  A leopard gecko skeleton (D:6)
  4 rats
418 creatures vanquished.

Vanquished Creatures (others)
  An unseen horror (D:14)
  3 foxfires (D:9)
  50 fulminant prisms
54 creatures vanquished.

Grand Total: 472 creatures vanquished

Notes
Turn   | Place    | Note
-------+----------+-------------------------------------------
     0 | D:1      | Gottschkopf the Draconian Conjurer began the quest for the
                  | Orb.
     0 | D:1      | Reached XP level 1. HP: 14/14 MP: 3/3
     6 | D:1      | Noticed a rime drake
     6 | D:1      | Noticed a komodo dragon
     6 | D:1      | Noticed a black bear
     7 | D:1      | Noticed a swamp worm
     7 | D:1      | Noticed a salamander
   403 | D:1      | Reached XP level 2. HP: 20/20 MP: 3/5
  1116 | D:2      | Reached skill level 5 in Conjurations
  1227 | D:2      | Reached XP level 3. HP: 26/26 MP: 4/6
  1231 | D:2      | Noticed Robin
  1280 | D:4      | Reached XP level 4. HP: 21/33 MP: 3/7
  1481 | D:4      | Learned a level 2 spell: Searing Ray
  1492 | D:4      | Found a staircase to the Ecumenical Temple.
  1500 | Temple   | Entered the Ecumenical Temple
  1597 | Temple   | Became a worshipper of Vehumet
  1685 | D:4      | Reached skill level 6 in Conjurations
  1998 | D:4      | Noticed Ijyb
  2004 | D:4      | Paralysed by Ijyb for 2 turns
  2019 | D:3      | Paralysed by Ijyb for 2 turns
  2207 | D:2      | Killed Robin
  2422 | D:2      | Reached XP level 5. HP: 31/38 MP: 6/8
  2643 | D:2      | Noticed Jessica
  2646 | D:2      | Killed Jessica
  3592 | D:3      | Reached * piety under Vehumet
  3592 | D:3      | Offered knowledge of Shock by Vehumet.
  3648 | D:3      | Reached skill level 7 in Conjurations
  3712 | D:3      | Paralysed by Ijyb for 4 turns
  3724 | D:2      | Paralysed by Ijyb for 5 turns
  3735 | D:2      | Paralysed by Ijyb for 2 turns
  3739 | D:2      | Paralysed by Ijyb for 2 turns
  3766 | D:2      | Killed Ijyb
  3766 | D:2      | Reached XP level 6. HP: 27/45 MP: 1/9
  4705 | D:3      | Learned a level 1 spell: Shock
  4890 | D:4      | Reached skill level 8 in Conjurations
  4971 | D:4      | Found a shadowy altar of Dithmenos.
  5007 | D:4      | Your scales start taking on a lurid green colour.
  5007 | D:4      | Reached XP level 7. HP: 50/50 MP: 2/10
  5007 | D:4      | Gained mutation: Your system is resistant to poisons.
                  | (rPois) [Green Draconian growth]
  5178 | D:4      | Learned a level 4 spell: Fulminant Prism
  5709 | D:4      | Reached skill level 1 in Hexes
  5803 | D:5      | Entered Level 5 of the Dungeon
  5956 | D:5      | Noticed Sigmund
  6020 | D:5      | Killed Sigmund
  6430 | D:5      | Reached skill level 9 in Conjurations
  6430 | D:5      | Reached XP level 8. HP: 57/57 MP: 2/11
  6804 | D:5      | Found Pefiwir's General Store.
  6811 | D:5      | Bought a scroll of amnesia for 45 gold pieces
  6811 | D:5      | Bought a scroll of enchant armour for 97 gold pieces
  7113 | D:5      | Learned a level 3 spell: Dazzling Flash
  7131 | D:5      | Reached ** piety under Vehumet
  7131 | D:5      | Offered knowledge of Foxfire by Vehumet.
  7289 | D:6      | Found a sparkling altar of Nemelex Xobeh.
  7500 | D:6      | Noticed Menkaure
  7504 | D:6      | Killed Menkaure
  7504 | D:6      | Reached skill level 10 in Conjurations
  7536 | D:6      | Noticed Eustachio
  7573 | D:6      | Killed Eustachio
  7622 | D:5      | Learned a level 1 spell: Foxfire
  7804 | D:6      | Reached skill level 1 in Fighting
  7804 | D:6      | Reached skill level 11 in Conjurations
  8002 | D:6      | Got a heavily runed buckler
  8008 | D:6      | Identified the +2 buckler of Action {+Blink rN+ rCorr
                  | Slay+2} (You found it on level 6 of the Dungeon)
  8044 | D:6      | Reached skill level 1 in Shields
  8407 | D:7      | Reached XP level 9. HP: 64/64 MP: 10/12
  8426 | D:7      | Offered knowledge of Frozen Ramparts by Vehumet.
  8789 | D:7      | Found a large runed translucent door.
  8790 | D:7      | Found a large runed translucent door.
  8792 | D:7      | Noticed mephitismephitis's ghost (novice OgAM)
  9083 | D:6      | Reached *** piety under Vehumet
  9302 | D:7      | You fall into a shaft and drop 2 floors!
  9304 | D:9      | Noticed Maggie
  9335 | D:9      | Noticed a manticore
  9354 | D:9      | Killed a manticore
  9354 | D:9      | Reached skill level 5 in Spellcasting
  9510 | D:9      | Learned a level 4 spell: Iskenderun's Mystic Blast
  9520 | D:9      | Noticed a manticore
  9525 | D:9      | Noticed a brown ugly thing
  9526 | D:9      | Noticed a wizard
  9529 | D:9      | Noticed a troll
  9539 | D:9      | You fall into a shaft and drop 2 floors!
  9539 | D:11     | Noticed a red devil
  9539 | D:11     | Noticed a red devil
  9539 | D:11     | Noticed an orange demon
  9539 | D:11     | Noticed an orange demon
  9801 | D:10     | Entered Level 10 of the Dungeon
  9913 | D:10     | Noticed a tengu warrior
  9914 | D:10     | Noticed a tengu conjurer
  9955 | D:10     | Reached XP level 10. HP: 62/77 MP: 20/20
  9957 | D:10     | Offered knowledge of Inner Flame by Vehumet.
  9959 | D:10     | Killed a tengu warrior
 10328 | D:10     | Reached **** piety under Vehumet
 10386 | D:10     | Offered knowledge of Ignite Poison by Vehumet.
 10394 | D:9      | Reached skill level 5 in Fighting
 10444 | D:9      | Found a staircase to the Lair.
 11020 | D:9      | Noticed a molten gargoyle
 11023 | D:9      | Noticed a molten gargoyle
 11134 | D:8      | Reached skill level 10 in Spellcasting
 11415 | D:7      | Reached XP level 11. HP: 88/88 MP: 17/25
 11678 | D:7      | Killed mephitismephitis's ghost
 12103 | D:8      | Noticed Grum
 12111 | D:8      | Killed Grum
 12115 | D:8      | Reached skill level 5 in Dodging
 12273 | D:8      | Learned a level 1 spell: Corona
 13305 | D:9      | Killed a wizard
 13457 | D:9      | Reached ***** piety under Vehumet
 13555 | D:9      | Offered knowledge of Lightning Bolt by Vehumet.
 13658 | D:9      | Killed Maggie
 14029 | D:10     | Learned a level 5 spell: Lightning Bolt
 15426 | D:11     | Reached XP level 12. HP: 94/94 MP: 26/26
 15674 | D:12     | Noticed a two-headed ogre
 15687 | D:12     | Killed a two-headed ogre
 15996 | D:12     | Noticed a centaur warrior
 16119 | D:13     | Noticed Maurice
 16132 | D:13     | Killed Maurice
 16454 | D:13     | You fall into a shaft and drop 2 floors!
 16454 | D:15     | Entered Level 15 of the Dungeon
 16584 | D:14     | Noticed a four-headed hydra
 16601 | D:14     | Killed a four-headed hydra
 16764 | D:14     | Offered knowledge of Yara's Violent Unravelling by Vehumet.
 16828 | D:14     | Reached skill level 10 in Fighting
 16989 | D:14     | Noticed a death knight
 16994 | D:14     | Noticed an ironheart preserver
 17005 | D:14     | Noticed Roxanne
 17572 | D:15     | Noticed a two-headed ogre
 17583 | D:15     | Killed a two-headed ogre
 17760 | D:13     | Reached skill level 5 in Stealth
 17859 | D:13     | Noticed a centaur warrior
 17872 | D:13     | Killed a centaur warrior
 17982 | D:13     | Learned a level 5 spell: Yara's Violent Unravelling
 17993 | D:13     | Noticed Kirke
 18032 | D:13     | Gained mutation: You are frail. (-10% HP) [you]
 18032 | D:13     | HP: 2/97 [shot self (13)]
 18035 | D:13     | Reached XP level 13. HP: 3/102 MP: 19/27
 18037 | D:13     | Killed Kirke
 18730 | D:13     | HP: 3/102 [death knight/+0 broad axe (22)]
 18730 | D:13     | Demolished by a phantasmal warrior

Illustrated notes

Levels and vault maps discovered:
D:1:      onia_arrival_zoo_common, layout_rooms
D:2:      layout_loops_cross, uniq_robin, uniq_jessica
D:3:      layout_rooms, st_stairs_12
D:4:      layout_basic, minmay_temple_entry_statues_pillars,
          nicolae_dithmenos_through_a_glass_darkly, uniq_ijyb
D:5:      layout_basic, serial_shops, shop, uniq_sigmund
D:6:      layout_cave_pools, nemelex_xobeh_ov_fountains_minmay, uniq_menkaure,
          uniq_eustachio
D:7:      layout_loops_ring, ebering_ghost_disaster_area
D:8:      layout_layer_cave, uniq_grum
D:9:      minmay_the_grid_four_pointed_star
          [minmay_the_grid_triangle_9x9_flanged_cone,
          minmay_the_grid_triangle_9x9_impossible_snake,
          minmay_the_grid_triangle_9x9_empty,
          minmay_the_grid_triangle_9x9_sprig,
          minmay_the_grid_prize_inner_circle], layout_basic, minmay_holes,
          minivault_8, uniq_maggie
D:10:     layout_cave_pools, serial_gnoll_camp, gnoll_camp_medium_02,
          grums_kennel, gnoll_camp_mini_hut, gnoll_camp_mini_house,
          gnoll_camp_mini_sergeant, hangedman_abyss_or_decor_stagger
D:11:     layout_loops_cross, minmay_beelzebubs_servants
D:12:     layout_stronghold, hiddenorc1_lemuel, minivault_1, uniq_sonja
D:13:     lemuel_troll_bridge, layout_layer_cave, uniq_azrael, uniq_maurice,
          uniq_kirke
D:14:     layout_irregular_city, skrybe_vaults_entry_preservation, minivault_4,
          gauntlet_entry_generic, kennysheep_generic_room_15, uniq_roxanne
D:15:     grunt_enter_depths_snipers, layout_cave_pools, serial_shops, shop,
          small_statue_intersection
Temple:   kilobyte_greek_temple

Skill      XL: |  1  2  3  4  5  6  7  8  9 10 11 12 13 |
---------------+----------------------------------------+-----
Conjurations   | 5 6 7 8 9 11 | 11.1
Dodging        | 2 9 |  9.7
Hexes          | 3 |  3.6
Fighting       | 1 3 5 10 | 10.7
Shields        | 2 4 |  4.0
Spellcasting   | 6 10 | 10.2
Stealth        | 6 7 |  7.1

Action                   |  1- 3 |  4- 6 |  7- 9 | 10-12 | 13-15 || total
-------------------------+-------+-------+-------+-------+-------++-------
Melee: Unarmed           |    10 |       |       |    11 |       ||    21
       Dagger            |    13 |    78 |       |       |       ||    91
       Tailslap          |     1 |    11 |     8 |    14 |       ||    34
       Scythe            |       |       |    18 |       |       ||    18
       Staff             |       |       |     3 |       |       ||     3
       Falchion          |       |       |    34 |    36 |       ||    70
 Cast: Magic Dart        |    55 |   158 |   200 |   418 |     8 ||   839
       Searing Ray       |       |     6 |    34 |    83 |     7 ||   130
       Shock             |       |     1 |       |       |       ||     1
       Fulminant Prism   |       |       |     6 |    43 |     1 ||    50
       Dazzling Flash    |       |       |     3 |    30 |     2 ||    35
       Iskenderun's Myst |       |       |       |    65 |     2 ||    67
       Foxfire           |       |       |       |     3 |       ||     3
       Lightning Bolt    |       |       |       |     8 |       ||     8
       Corona            |       |       |       |     7 |       ||     7
       Yara's Violent Un |       |       |       |     1 |       ||     1
 Abil: Breathe Noxious F |       |       |     1 |     1 |       ||     2
  Use: Potion            |     5 |     1 |     3 |     2 |       ||    11
       Scroll            |       |     4 |    12 |     9 |     1 ||    26
Armor: Skin              |     8 |    52 |    62 |    80 |     1 ||   203
Dodge: Dodged            |    28 |   118 |   173 |   320 |     2 ||   641
Block: Buckler           |       |       |    45 |   121 |     2 ||   168
       Rpst.: Falchion   |       |       |    34 |    81 |       ||   115

Table legend: (Time is in decaauts)
 A = Elapsed time spent in this place.
 B = Non-inter-level travel time spent in this place.
 C = Inter-level travel time spent in this place.
 D = Time resting spent in this place.
 E = Time spent auto-exploring this place.
 F = Levels seen in this place.
 G = Mean time per level.
                   A        B        C        D        E       F      G
               +--------+--------+--------+--------+--------+-----+--------+
         Total |  18789 |  18441 |    348 |   6733 |   8233 |  16 | 1174.3 |
       Dungeon |  18649 |  18301 |    348 |   6733 |   8115 |  15 | 1243.3 |
        Temple |    139 |    139 |      0 |      0 |    118 |   1 |  139.0 |
               +--------+--------+--------+--------+--------+-----+--------+

Top non-repeatable levels by time:
     D:2: 2141 daAuts
     D:4: 1780 daAuts
    D:10: 1689 daAuts
     D:7: 1651 daAuts
     D:5: 1567 daAuts
    D:11: 1511 daAuts
    D:13: 1428 daAuts
     D:8: 1268 daAuts
     D:9: 1254 daAuts
     D:3: 953 daAuts
     D:6: 861 daAuts
     D:1: 854 daAuts
    D:14: 699 daAuts
    D:15: 609 daAuts
    D:12: 379 daAuts
